 Dungeon Crawl Stone Soup version 0.23-a0-558-g30802b1d75 (webtiles) character file.

73 FollowTheCloud the Poker (level 4, -5/34 HPs)
             Began as a Demonspawn Gladiator on Dec 11, 2018.
             Killed from afar by an orc wizard (10 damage)
             ... with a puff of flame
             ... on level 3 of the Dungeon.
             The game lasted 00:03:19 (2054 turns).

FollowTheCloud the Poker (Demonspawn Gladiator)     Turns: 2054, Time: 00:03:19

Health: -5/34      AC:  9    Str: 20    XL:     4   Next: 8%
Magic:  4/4        EV:  9    Int: 10    God:
Gold:   64         SH:  0    Dex: 14    Spells: 3/3 levels left

rFire    . . .     SeeInvis .   a - +0 trident
rCold    . . .     Gourm    .   (no shield)
rNeg     . . .     Faith    .   n - +0 chain mail (curse)
rPois    .         Spirit   .   c - +0 helmet
rElec    .         Reflect  .   (no cloak)
rCorr    .         Harm     .   (no gloves)
MR       .....                  (no boots)
Stlth    ..........             (no amulet)
HPRegen  0.11/turn              (no ring)
MPRegen  0.09/turn              (no ring)

@: mighty
A: powered by pain 1
a: no special abilities


You were on level 3 of the Dungeon.
You were not hungry.

You visited 1 branch of the dungeon, and saw 3 of its levels.

You collected 64 gold pieces.

Inventory:

Hand Weapons
 a - a +0 trident (weapon)
Missiles
 d - a throwing net (quivered)
 s - 7 poisoned needles
Armour
 b - a +0 leather armour
 c - a +0 helmet (worn)
 n - a cursed +0 chain mail (worn)
Scrolls
 e - a scroll of remove curse {unknown}
 g - 2 scrolls of teleportation {unknown}
 i - 2 scrolls of identify {unknown}
 l - a scroll of amnesia {unknown}
 o - 3 scrolls of immolation {unknown}
 p - a scroll of magic mapping {unknown}
 q - a scroll of fear {unknown}
Potions
 h - a potion of heal wounds {unknown}
 j - 2 potions of might {unknown}
 k - a potion of haste {unknown}
 m - a potion of curing {unknown}
 r - a potion of degeneration {unknown}
Comestibles
 f - a ration


   Skills:
 + Level 2.7 Fighting
 + Level 3.2 Polearms
 - Level 1.7 Throwing
 + Level 1.5 Armour
 + Level 3.2 Dodging


You had 3 spell levels left.
You didn't know any spells.
Your spell library was empty.

Dungeon Overview and Level Annotations

Branches:
Dungeon (3/15)

Altars:

Annotations:
D:2 Sigmund


Innate Abilities, Weirdness & Mutations

You sometimes gain a little power by taking damage.


Message History

You feel very mighty all of a sudden.
The orc wizard casts a spell.
The orc wizard blinks!
You puncture the orc wizard!
The orc wizard is heavily wounded.
The orc wizard points at you and mumbles some strange words.
The puff of flame hits you!
* * * LOW HITPOINT WARNING * * *
The orc wizard hits you but does no damage.
Your chain mail prevents you from hitting the orc wizard.
The orc wizard is heavily wounded.
The orc wizard closely misses you.
The orc wizard gestures wildly while chanting.
The orc wizard blinks!
You miss the orc wizard.
The orc wizard is heavily wounded.
The orc wizard hits you but does no damage.
The orc wizard points at you and mumbles some strange words.
The puff of flame hits you!
You die...

#########
.......<# #.#
#######.# #.#
#.# #.# #.#
#.# #.# #.#
#@# #.# #o#
#.# ###
#§####.#
.......#.÷.#.#
#####.###....#
#o.....#.....#
### #.##..##
####..# #..#


You could see an orc wizard.

Vanquished Creatures
  Natasha (D:2)
  A dart slug (D:2)
  A leopard gecko (D:1)
  A ball python (D:1)
  3 bats (D:1)
  2 giant cockroaches (D:1)
  7 goblins
  4 hobgoblins
  4 jackals (D:1)
  6 frilled lizards
  9 kobolds
  5 rats
44 creatures vanquished.

Notes
Turn   | Place    | Note
-------+----------+-------------------------------------------
     0 | D:1      | FollowTheCloud the Demonspawn Gladiator began the quest for
                  | the Orb.
     0 | D:1      | Reached XP level 1. HP: 16/16 MP: 1/1
   294 | D:1      | Gained mutation: You sometimes gain a little power by
                  | taking damage. [demonic ancestry]
   294 | D:1      | Reached XP level 2. HP: 12/22 MP: 2/2
   948 | D:1      | Reached skill level 1 in Armour
   959 | D:1      | Reached XP level 3. HP: 23/28 MP: 3/3
  1844 | D:2      | Noticed Natasha
  1863 | D:2      | Killed Natasha
  1863 | D:2      | Reached XP level 4. HP: 25/34 MP: 4/4
  1966 | D:2      | Noticed Sigmund
  2054 | D:3      | Killed from afar by an orc wizard

Vault maps used:
D:1:      tarquinn_simple_flora_water_c, serial_forest,
          infiniplex_forest_lined_2, infiniplex_forest_clump_tiny,
          infiniplex_forest_clump_tiny, infiniplex_forest_corner_2,
          infiniplex_forest_clump_small, infiniplex_forest_clump_long,
          infiniplex_forest_end_2, infiniplex_forest_clump_long
D:2:      minmay_roachtagon, item_on_display_a, uniq_sigmund, uniq_natasha
D:3:      nicolae_overflow_crystal_walls, nicolae_ru_great_annihilating_truth,
          serial_undead, serial_undead_e, serial_undead_f, serial_undead_c,
          serial_undead_b, first_ration, nrook_mini_vaults, st_stairs_6,
          minmay_misc_feat_tiny

Skill      XL: |  1  2 |
---------------+-------+-----
Polearms       | 3 |  3.2
Dodging        | 3 |  3.2
Armour         | 1 |  1.5
Fighting       | |  2.7
Throwing       | |  1.7

Action                   |  1- 3 |  4- 6 || total
-------------------------+-------+-------++-------
Melee: Trident           |   159 |    15 ||   174
Throw: Throwing net      |       |     2 ||     2
  Eat: Chunk             |     3 |     1 ||     4
Armor: Leather armour    |    35 |       ||    35
       Chain mail        |    14 |    13 ||    27
Dodge: Dodged            |    82 |     8 ||    90

Table legend:
 A = Non-vault XP
 B = Vault XP
 C = Vault XP percentage of total XP
 D = Non-vault monster count
 E = Vault monster count
 F = Vault count percentage of total count
                 A         B        C        D         E       F
            +---------+---------+-------+---------+---------+-------
      Total |      70 |      35 |  33.3 |      43 |       1 |   2.3
            +---------+---------+-------+---------+---------+-------
        D:1 |      56 |       0 |   0.0 |      35 |       0 |   0.0
        D:2 |      11 |      35 |  76.1 |       6 |       1 |  14.3
        D:3 |       3 |       0 |   0.0 |       2 |       0 |   0.0
            +---------+---------+-------+---------+---------+-------
